Cogmind - Beta 13 @@@ ROGUE MODE // 2024.03.29 @ 22:40:21 Player: VLAM Result: Destroyed by G-47 Trooper with Particle Gun Performance ------------- Evolutions (2) 1000 Regions Visited (5) 1000 Robots Destroyed (1) 5 Value Destroyed (47) 47 Prototype IDs (0) 0 Alien Tech Used (0) 0 Bonus (470) 470 TOTAL SCORE: 2522 Bonus ------- Pacifist 470 Cogmind --------- Core Integrity 0/550 Matter 263/300 Energy 100/100 System Corruption 0% Temperature Cool (18) Movement Core (50) Location -8/Materials Parts ------- > --- POWER (1) -------- (None) > --- PROPULSION (4) --- (None) > --- UTILITY (4) ------ (None) > --- WEAPON (2) ------- (None) > --- INVENTORY (5) ---- Light Ion Engine Light Ion Engine Small Laser Shotgun Grenade Launcher Peak State ------------ > --- POWER ------------ (None) > --- PROPULSION ------- (None) > --- UTILITY ---------- Tractor Beam > --- WEAPON ----------- Datajack Scythe > --- INVENTORY -------- Light Ion Engine Light Ion Engine Small Laser Shotgun Grenade Launcher [Rating: 5] Favorites ----------- Power Light Ion Engine Engine Light Ion Engine Propulsion None Utility Tractor Beam Device Tractor Beam Weapon Datajack Energy Gun Small Laser Slashing Weapon Scythe Special Melee Weapon Datajack Build | -11 -10 -10 -9 -9 -8 ------- Run | Yrd Mat Min Mat Min Mat Slots Evolved 4 | . . . 2 . 2 Power . | . . . . . . Propulsion 2 | . . . 1 . 1 Utility 2 | . . . 1 . 1 Weapon . | . . . . . . Parts Attached 6 | 2 . 2 . . 2 Power 1 | 1 . . . . . Engine 1 | 1 . . . . . Core . | . . . . . . Reactor . | . . . . . . Propulsion . | . . . . . . Treads . | . . . . . . Leg . | . . . . . . Wheel . | . . . . . . Hover . | . . . . . . Flight . | . . . . . . Utility 2 | . . 1 . . 1 Device 2 | . . 1 . . 1 Storage . | . . . . . . Processor . | . . . . . . Hackware . | . . . . . . Protection . | . . . . . . Artifact . | . . . . . . Weapon 3 | 1 . 1 . . 1 Energy Gun 1 | 1 . . . . . Energy Cannon . | . . . . . . Ballistic Gun . | . . . . . . Ballistic Cannon . | . . . . . . Launcher . | . . . . . . Special Weapon . | . . . . . . Impact Weapon . | . . . . . . Slashing Weapon 1 | . . . . . 1 Piercing Weapon . | . . . . . . Special Melee Weapon 1 | . . 1 . . . Unidentified Prototypes . | . . . . . . Parts Lost 5 | . . 2 . . 3 Power . | . . . . . . Propulsion . | . . . . . . Utility 2 | . . 1 . . 1 Weapon 3 | . . 1 . . 2 Highest Loss Streak 2 | . . 2 . . 2 To Critical Strikes . | . . . . . . Average Slot Usage (%) 13 | . 16 14 11 11 13 Device 1 | . . 4 . . 3 Energy Gun 4 | . 14 4 . . . Slashing Weapon 1 | . . . . . 4 Special Melee Weapon 5 | . . 4 11 11 5 Naked Turns 5 | . . 5 . . . Heaviest Build 4 | 4 4 2 1 1 3 Greatest Support 3 | 3 3 3 3 3 3 Greatest Overweight (x) 1 | 1 1 . . . . Average Overweight (x) . | . . . . . . Largest Inventory Capacity 5 | 5 5 5 5 5 5 Average Capacity 5 | 5 5 5 5 5 5 Most Carried 5 | 3 5 5 5 5 5 Average Carried 4 | 2 4 5 5 5 5 Final Capacity 5 | 5 5 5 5 5 5 Final Carried 5 | 3 5 5 5 5 5 Class Distribution -------------------- 100% | Mutant Dominant Class ---------------- Mutant | -10/Materials Mutant | -10/Mines Mutant | -9/Materials Mutant | -9/Mines Mutant | -8/Materials Resources | -11 -10 -10 -9 -9 -8 ----------- Run | Yrd Mat Min Mat Min Mat Matter Collected 198 | 198 . . . . . Remotely . | . . . . . . Salvage Created 46 | . . . . . 46 Parts 3 | . . . . . 3 Haulers Intercepted . | . . . . . . Recyclers Shooed . | . . . . . . Parts Field Recycled . | . . . . . . Retrieved Matter . | . . . . . . Parts Self-Destructed . | . . . . . . Prevented . | . . . . . . Kills | -11 -10 -10 -9 -9 -8 ------- Run | Yrd Mat Min Mat Min Mat Combat Hostiles Destroyed 1 | . . . . . 1 Melee 1 | . . . . . 1 Classes Destroyed 1 | . . . . . 1 Grunt 1 | . . . . . 1 Best Kill Streak 1 | . . . . . 1 Combat Bots Only 1 | . . . . . 1 Max Kills in Single Turn 1 | . . . . . 1 Gunslinging . | . . . . . . Exploded . | . . . . . . Melee 1 | . . . . . 1 Uniques/NPCs Destroyed . | . . . . . . Combat | -11 -10 -10 -9 -9 -8 -------- Run | Yrd Mat Min Mat Min Mat Hostile Shots Fired 92 | . 3 14 8 . 67 Missed 30 | . . 5 3 . 22 Damage Taken 991 | . 34 207 79 . 671 Core 791 | . 22 132 79 . 558 Absorbed by Shields . | . . . . . . Core Remaining (%) 72 | 100 . 38 . 80 . Volleys Fired 4 | . 4 . . . . Largest 1 | . 1 . . . . Hottest 40 | . 40 . . . . Shots Fired 4 | . 4 . . . . Gun 4 | . 4 . . . . Cannon . | . . . . . . Launcher . | . . . . . . Special . | . . . . . . Kinetic . | . . . . . . Thermal 4 | . 4 . . . . Explosive . | . . . . . . Electromagnetic . | . . . . . . Robot Hit Streak 1 | . 1 . . . . Robot Miss Streak 2 | . 2 . . . . Penetration Max . | . . . . . . Secondary Targets . | . . . . . . Shots Hit Robots 13 | . 1 . 2 1 9 Core Hits 1 | . . . . . 1 Critical Kills . | . . . . . . Critical Parts Destroyed . | . . . . . . Critical Strikes 1 | . . . . . 1 Sever 1 | . . . . . 1 Melee Attacks 16 | . . . 3 1 12 Impact . | . . . . . . Slashing 7 | . . . . . 7 Piercing . | . . . . . . Sneak Attacks 1 | . . . . 1 . Combat Hostiles . | . . . . . . Follow-up Attacks . | . . . . . . Damage Inflicted 168 | . 12 . . . 156 Guns 12 | . 12 . . . . Cannons . | . . . . . . Explosions . | . . . . . . Melee 156 | . . . . . 156 Ramming . | . . . . . . Kinetic . | . . . . . . Thermal 12 | . 12 . . . . Explosive . | . . . . . . Electromagnetic . | . . . . . . Impact . | . . . . . . Slashing 156 | . . . . . 156 Piercing . | . . . . . . Highest Corruption . | . . . . . . Average Corruption . | . . . . . . Corruption Purged . | . . . . . . Corruption Blocked . | . . . . . . Overload Shots . | . . . . . . Overflow Damage . | . . . . . . Projectiles . | . . . . . . Explosions . | . . . . . . Melee . | . . . . . . Knockbacks . | . . . . . . Impact . | . . . . . . Kinetic . | . . . . . . Secondary . | . . . . . . Self-Inflicted Damage . | . . . . . . Shots . | . . . . . . Rammed . | . . . . . . Targets Rammed . | . . . . . . Kicked . | . . . . . . Crushed . | . . . . . . Highest Temperature 7 | . . . . . 7 Average Temperature 6 | . . . . . 6 Received Heat Transfer 387 | . 18 45 18 . 306 Siege Activations . | . . . . . . Robots Corrupted . | . . . . . . Combat Hostiles . | . . . . . . Parts Fried . | . . . . . . Impact Corruptions . | . . . . . . Robots Melted . | . . . . . . Combat Hostiles . | . . . . . . Parts Melted . | . . . . . . Heat Transferred 25 | . 25 . . . . Parts Sabotaged . | . . . . . . Parts Stolen . | . . . . . . Parts Stripped . | . . . . . . Power Chain Reactions . | . . . . . . Alert | -11 -10 -10 -9 -9 -8 ------- Run | Yrd Mat Min Mat Min Mat Peak Influence 79 | . 30 26 31 12 79 Initial 12 | . . 11 1 12 4 Average 18 | . 8 18 11 12 46 Maximum Alert Level . | . . . . . . Low Security (%) 100 | 100 100 100 100 100 100 Level 1 . | . . . . . . Level 2 . | . . . . . . Level 3 . | . . . . . . Level 4 . | . . . . . . Level 5 . | . . . . . . High Security . | . . . . . . Max Security . | . . . . . . Squads Dispatched 4 | . . . . . 4 Investigation 1 | . . . . . 1 Extermination . | . . . . . . Reinforcement 3 | . . . . . 3 Assault . | . . . . . . Garrison . | . . . . . . Intercept . | . . . . . . Searches Triggered . | . . . . . . Construction Impeded . | . . . . . . Haulers Reinforced . | . . . . . . Active Scanning Responses . | . . . . . . Cargo Convoy Interrupts . | . . . . . . Stealth | -11 -10 -10 -9 -9 -8 --------- Run | Yrd Mat Min Mat Min Mat Distress Signals 3 | . 1 . 1 . 1 Communications Jammed . | . . . . . . Distress Signals . | . . . . . . Times Spotted 30 | . 4 4 4 . 18 Peak Tracking Total 18 | . 4 4 4 . 18 Tactical Retreats . | . . . . . . Traps | -11 -10 -10 -9 -9 -8 ------- Run | Yrd Mat Min Mat Min Mat Traps Triggered 1 | . . . . . 1 Indirectly . | . . . . . . Trap Hack Attempts . | . . . . . . Triggered . | . . . . . . Disarmed . | . . . . . . Reprogrammed . | . . . . . . Reused . | . . . . . . Traps Extracted . | . . . . . . Installed . | . . . . . . Triggered . | . . . . . . Machines | -11 -10 -10 -9 -9 -8 ---------- Run | Yrd Mat Min Mat Min Mat Machines Disabled . | . . . . . . Max in Single Turn . | . . . . . . Machines Repaired . | . . . . . . Machines Dismantled . | . . . . . . Machines Sabotaged . | . . . . . . Overloaded Fab Kills . | . . . . . . Hacking | -11 -10 -10 -9 -9 -8 --------- Run | Yrd Mat Min Mat Min Mat Machines Accessed 3 | . 2 . 1 . . Terminals 3 | . 2 . 1 . . Fabricators . | . . . . . . Repair Stations . | . . . . . . Recycling Units . | . . . . . . Scanalyzers . | . . . . . . Garrison Access . | . . . . . . Total Hacks 5 | . 3 . 2 . . Successful 2 | . 2 . . . . Failed 3 | . 1 . 2 . . Catastrophic . | . . . . . . Database Lockouts . | . . . . . . Manual . | . . . . . . Terminals 5 | . 3 . 2 . . Fabricators . | . . . . . . Repair Stations . | . . . . . . Recycling Units . | . . . . . . Scanalyzers . | . . . . . . Garrison Access . | . . . . . . Terminal Hacks 2 | . 2 . . . . Zone Layout 2 | . 2 . . . . Fabricator Hacks . | . . . . . . Repair Station Hacks . | . . . . . . Recycling Unit Hacks . | . . . . . . Scanalyzer . | . . . . . . Garrison Access Hacks . | . . . . . . Unauthorized Hacks . | . . . . . . Terminals . | . . . . . . Fabricators . | . . . . . . Repair Stations . | . . . . . . Recycling Units . | . . . . . . Scanalyzers . | . . . . . . Garrison Access . | . . . . . . Data Cores Recovered . | . . . . . . Used . | . . . . . . Hacking Detections 1 | . . . 1 . . Full Trace Events . | . . . . . . Feedback Events . | . . . . . . Feedback Blocked . | . . . . . . Robot Schematics Acquired . | . . . . . . Robots Built . | . . . . . . Authchips . | . . . . . . Time . | . . . . . . Total Robot Build Rating . | . . . . . . Part Schematics Acquired . | . . . . . . Parts Built . | . . . . . . Authchips . | . . . . . . Time . | . . . . . . Total Part Build Rating . | . . . . . . Parts Repaired . | . . . . . . Time . | . . . . . . Parts Recycled . | . . . . . . Recycled Matter . | . . . . . . Retrieved Matter . | . . . . . . Retrieved Components . | . . . . . . Parts Scanalyzed . | . . . . . . Part Schematics Acquired . | . . . . . . Parts Damaged . | . . . . . . Bothacking | -11 -10 -10 -9 -9 -8 ------------ Run | Yrd Mat Min Mat Min Mat Used RIF Installer . | . . . . . . Robots Hacked 2 | . . . . . 2 Non-combat 2 | . . . . . 2 Combat . | . . . . . . Robot Hacks Applied 4 | . . . . . 4 parse_system 1 | . . . . . 1 no_distress 2 | . . . . . 2 check_alert 1 | . . . . . 1 Relay Couplers Released . | . . . . . . Fabnet Peak Effective % . | . . . . . . Robots Rewired . | . . . . . . Allies Hacked . | . . . . . . Hacks Repelled . | . . . . . . Allies | -11 -10 -10 -9 -9 -8 -------- Run | Yrd Mat Min Mat Min Mat Total Allies . | . . . . . . Largest Group . | . . . . . . Highest-Rated Group . | . . . . . . Highest-Rated Ally . | . . . . . . Total Orders . | . . . . . . Ally Attacks . | . . . . . . Total Damage . | . . . . . . Kills . | . . . . . . Allies Corrupted . | . . . . . . Allies Melted . | . . . . . . Intel | -11 -10 -10 -9 -9 -8 ------- Run | Yrd Mat Min Mat Min Mat Robot Analysis Total . | . . . . . . Derelict Logs Recovered 1 | . . . . 1 . Drone Launches . | . . . . . . Drone Recoveries . | . . . . . . Exploration | -11 -10 -10 -9 -9 -8 ------------- Run | Yrd Mat Min Mat Min Mat Turns Passed 314 | 47 68 32 60 28 79 Spaces Moved 475 | 44 112 57 106 53 103 Core 475 | 44 112 57 106 53 103 Treads . | . . . . . . Legs . | . . . . . . Wheels . | . . . . . . Hover . | . . . . . . Flight . | . . . . . . Fastest Speed 50 | 50 50 50 50 50 50 Average Speed 54 | 87 52 50 50 50 50 Slowest Speed 100 | 100 100 50 50 50 50 Overloaded Moves . | . . . . . . Propulsion Burnouts . | . . . . . . Robots Hopped . | . . . . . . Cave-ins Triggered . | . . . . . . Exploration Rate (%) 15 | 3 26 18 15 14 14 Regions Visited 5 Branch Regions 2 Pre-discovered Areas 1 | . . . . 1 . Known Exits Taken . | . . . . . . Unknown Exits Taken 5 | 1 1 1 1 1 . Scrap Searched . | . . . . . . Spaces Dug . | . . . . . . Terrain Destroyed . | . . . . . . Melee . | . . . . . . Projectile . | . . . . . . AOE . | . . . . . . Terrain Rammed . | . . . . . . Walls Destroyed . | . . . . . . Machines Disabled . | . . . . . . Actions | -11 -10 -10 -9 -9 -8 --------- Run | Yrd Mat Min Mat Min Mat Total 509 | 52 117 58 111 53 118 Wait 2 | . . . 1 . 1 Move 470 | 43 111 56 105 52 103 Hop . | . . . . . . Pick Up 7 | 5 1 . 1 . . Fast Attach 6 | 2 . 2 . . 2 Attach . | . . . . . . Detach 1 | . 1 . . . . Swap . | . . . . . . Drop 3 | 2 . . 1 . . Fire 4 | . 4 . . . . Melee 16 | . . . 3 1 12 Ram . | . . . . . . Kick . | . . . . . . Crush . | . . . . . . Escape Stasis . | . . . . . . Rewire . | . . . . . . Trap . | . . . . . . Miscellaneous . | . . . . . . Route ------- -11/Scrapyard -10/Materials -10/Mines -9/Materials -9/Mines -8/Materials History --------- Turn | Location | Event 25 | -11/Scrapyard | Discovered new exit (range 16) 48 | -11/Scrapyard | Entered Materials 100 | -10/Materials | Discovered new exit (range 16) 116 | -10/Materials | Entered Mines 129 | -10/Mines | Discovered new exit (range 11) 130 | -10/Mines | Assembled infested the area 135 | -10/Mines | Assisted by a Guerilla fighting off Assembled 147 | -10/Mines | Core integrity fell below 50% 148 | -10/Mines | Entered Materials 148 | -9/Materials | Evolved 2 slots: Propulsion x1, Utility x1 206 | -9/Materials | Discovered new exit (range 5) 208 | -9/Materials | Entered Mines 211 | -9/Mines | Learned location of Zion (-7) 227 | -9/Mines | Discovered new exit (range 9) 236 | -9/Mines | Entered Materials 236 | -8/Materials | Evolved 2 slots: Propulsion x1, Utility x1 290 | -8/Materials | Core integrity fell below 50% 311 | -8/Materials | Core integrity fell below 20% 313 | -8/Materials | Build established: Mutant 315 | -8/Materials | Destroyed by G-47 Trooper with Particle Gun Last Messages --------------- Slug penetrates Wall. Acquired Scythe. Penetrated by Slug. Tractor Beam destroyed. Slug penetrates Wall. Penetrated by Slug. Datajack destroyed. U-05 Engineer destroyed. C-30 ARC bursts open, deploying its payload. G-50 Soldier unfolds itself. G-47 Trooper unfolds itself. W-25 Informer sends out distress signal. Critical hit (Burn: +37). U-05 Engineer destroyed. Processing Tank disabled. G-47 Trooper suffers critical hit (Burn). G-47 Trooper destroyed. Slug penetrates Processing Tank. G-47 Trooper Imp. Heat Sink severed. Scythe destroyed. Map ----- +----------------------------------------------------+ | ????# # #????????????????????????????? | | ?????? """ ] # #????????????????????????????? | | ?????? """ + #????????????????????????????? | | ?????? """ # #????????????????????????????? | | ???????""" "T" # #????????????????????????????? | | ????? """?# ########?????????????????????? | | ????###########?# # = #?????????????????????? | | ???????????????## # #?????????????????????? | | ???????????????#T # """ #?????????????????????? | | ???????????????## + """ #?????????????????????? | | ????????????????# # """ #?????????????????????? | | ????????????????# # #?????????????????????? | | ????????????????# ######+#?????????????????????? | | ????????????????# #????# ###########???????????? | | ????????????????# #????# # #???????????? | | ????????????????# #????# # """ #???????????? | | ?????????######## ###### # "T" #???????????? | | ????????? # #???????????? | | ????????? " !/ #???????????? | | ????????? # !/ #???????????? | | ????????????######### #### / #???????????? | | ????????????????????# ! #??# #???????????? | | ????????????????????#!%=###############??????????? | | ????????????????????# =|# ggg Y #??????????? | | ????????????????????# # g g """ #??????????? | | ????????????????????# #@="""" R" #??????????? | | ????????????????????# #g"""""g """ ##?????????? | | ????????????????????# #*!""" g #?????????? | | ????????????????????# # hggg ##?????????? | | ????????????????##### ###g###########??????????? | | ????????? |%= r ??????? | | ????????? " ! ??????? | | ????????? "%" ??????? | | ?????????###########/########+######### ???????? | | ?????????????????? ???????? ?????????????????? | | ????????????????# ""????????? """???????????????? | | ????????????????# ""????????? """ ??????????????? | | ????????????????# ????????????""" ??????????????? | | ????????????????# ????????????? ???????????????? | | ????????????????# ??????????????#????????????????? | | ?????????????????????????????????????????????????? | | ?????????????????????????????????????????????????? | | ?????????????????????????????????????????????????? | | ?????????????????????????????????????????????????? | | ?????????????????????????????????????????????????? | | ?????????????????????????????????????????????????? | | ?????????????????????????????????????????????????? | | ?????????????????????????????????????????????????? | | ?????????????????????????????????????????????????? | | ?????????????????????????????????????????????????? | +----------------------------------------------------+ Best States ------------- Heat Dissipation 35 Energy Generation 10 Energy Capacity 125 Matter Stores 283 Matter Capacity 300 Sight Range 16 Terrain Scan Density 10 Evasion (%) 50 Item Schematics ----------------- None Robot Schematics ------------------ None Fabricated ------------ Nothing Alien Tech Used ----------------- None Achievements -------------- None Challenges ------------ None Game ------ Seed ShadingMinesnifferFlail Manual? 0 Play Time 00:11:27 Cumulative 9.9 hours Start 2024.03.29 @ 22:30:47 End 2024.03.29 @ 22:40:21 Sessions 1 Manual Loads 0 Difficulty Rogue Special Mode None Game No. 14 Rogue 14 Adventurer 0 Explorer 0 Win Type - Total 0 Types 0/0/0/0/0/0/0/0/0 Lore% 2 Gallery% 15 Achievement% 12 Wizard Run 0 Options --------- Layout 1 ASCII 0 Keyboard 1 Movement Numpad Keybinds 0 Fullscreen 2 Font 24/Smallcaps Map View 50x35 Zoom Use 0% Tactical HUD 0 Map Filters NONE Filters NONE Steam 1 RUN: 2be3a8dd-8bcb-45ac-bc45-7962d1bdd567